 Dungeon Crawl Stone Soup version 0.31-a0-692-gf03d1854d5 (webtiles) character file.

Game seed: 16052192055275255335

207220 qw the Crack Shot (level 18, -6/125 HPs)
             Began as a Gargoyle Hunter on Sept 6, 2023.
             Was an Elder of Okawaru.
             Mangled by a deep troll (17 damage)
             ... led by an ironbound preserver
             ... on level 1 of the Vaults.
             The game lasted 00:19:03 (30266 turns).

qw the Crack Shot (Gargoyle Hunter)                Turns: 30266, Time: 00:19:03

Health: -6/125     AC: 40    Str: 22      XL:     18   Next: 74%
Magic:  25/25      EV: 30    Int: 12      God:    Okawaru [****..]
Gold:   35         SH:  0    Dex: 24 (25) Spells: 17/17 levels left

rFire   . . .        Y - +4 hand cannon (elec)
rCold   . . .        (no shield)
rNeg    + + .        d - quicksilver dragon scales
rPois   inf          k - +2 helmet
rElec   +            m - scarf {repulsion}
rCorr   .            f - +1 pair of gloves "Reunum" {Str+2}
SInv    +            g - +2 pair of boots of Isuphaadgh {rElec rN+ Str+5 SInv}
Will    ++...        w - amulet of the acrobat
Stlth   +++          q - +6 ring of dexterity
HPRegen 0.40/turn    n - +5 ring of evasion
MPRegen 0.19/turn

%: repel missiles, acrobat
@: heroic, flying
A: sickness immunity, AC +13, big wings, negative energy resistance 1,
electricity resistance, torment resistance 1, petrification resistance,
deterioration 1, shaggy fur 1
}: 1/15 runes: serpentine
a: Renounce Religion, Heroism, Finesse


You were on level 1 of the Vaults.
You worshipped Okawaru.
Okawaru was greatly pleased with you.
You visited 7 branches of the dungeon, and saw 31 of its levels.
You visited 1 bazaar.

You collected 2512 gold pieces.
You spent 2477 gold pieces at shops.


Innate Abilities, Weirdness & Mutations

You are immune to sickness and miasma.
Your stone body is resilient. (AC +13)
You are immune to poison.
Your large and strong wings let you fly.
You resist negative energy. (rN+)
You are resistant to electric shocks. (rElec)
You are resistant to unholy torment.
You are immune to petrification.
Your body sometimes deteriorates upon taking damage.
You are covered in fur. (AC +1)


   Skills:
 - Level 18.2(23.2) Fighting
 - Level 22.0(27) Ranged Weapons
 + Level 11.3(16.3) Armour
 - Level 12.0(17.0) Dodging
 - Level 1.1(6.1) Stealth
 - Level 10.0 Invocations


You had 17 spell levels left.
You didn't know any spells.
Your spell library was empty.

Inventory:

Hand Weapons
 Y - a +4 hand cannon of electrocution (weapon)
Armour
 d - quicksilver dragon scales (worn)
 f - the +1 pair of gloves "Reunum" (worn) {Str+2}
   (You found it on level 2 of the Dungeon)

   Str+2:     It affects your strength (+2).
 g - the +2 pair of boots of Isuphaadgh (worn) {rElec rN+ Str+5 SInv}
   (You acquired it on level 2 of the Dungeon)

   Str+5:     It affects your strength (+5).
   rElec:     It insulates you from electricity.
   rN+:       It protects you from negative energy.
   SInv:      It lets you see invisible.
 k - a +2 helmet (worn)
 m - a scarf of repulsion (worn)
 s - the +2 leather armour of the Evil One {rC+ rN+ Str+4}
   (You found it on level 14 of the Dungeon)

   Str+4:     It affects your strength (+4).
   rC+:       It protects you from cold.
   rN+:       It protects you from negative energy.
 t - a +1 leather armour of fire resistance
 y - a +1 cloak of preservation
Jewellery
 c - a ring of protection from fire
 n - a +5 ring of evasion (right hand)
 q - a +6 ring of dexterity (left hand)
 w - an amulet of the acrobat (around neck)
Wands
 i - a wand of digging (19)
Scrolls
 a - 10 scrolls of identify
 l - 5 scrolls of enchant armour
Potions
 b - 2 potions of cancellation
 e - 6 potions of curing
 h - 2 potions of resistance
 o - 7 potions of haste
 p - a potion of enlightenment
 v - 2 potions of might
 x - a potion of magic

Dungeon Overview and Level Annotations

Branches:
Dungeon (15/15)            Temple (1/1) D:5            Lair (5/5) D:10
 Shoals (3/4) Lair:3        Snake (4/4) Lair:3        Slime (0/5) Lair:4
    Orc (2/2) D:10            Elf (0/3) Orc:2        Vaults (1/5) D:13
 Depths (0/4) D:15

Altars:
Ashenzari
Cheibriados
Dithmenos
Elyvilon
Fedhas
Gozag
Hepliaklqana
Kikubaaqudgha
Makhleb
Nemelex Xobeh
Okawaru
Qazlal
Ru
Sif Muna
Trog
Uskayaw
Vehumet
Wu Jian
Xom
Yredelemnul
Zin
The Shining One
Jiyva
Lugonu

Shops:
D:1 [?!!=   D:6 [   D:13 :   Orc:2 *[*(=   Shoals:1 (   Snake:1 =   Snake:3 *
Snake:4 (

Annotations:
D:10 2 transporters
Orc:2 3 runed translucent doors, qw's ghost, adept GrFi


Message History

You shoot a bolt. The bolt hits the deep troll!
The deep troll is heavily wounded.
The slime creature misses you. The deep troll closely misses you.
The deep troll barely misses you. The deep troll closely misses you.
The deep troll completely misses you. x3
You shoot a bolt. The bolt barely misses the deep troll.
The slime creature misses you.
The deep troll completely misses you. x2
The deep troll claws you but does no damage.
The deep troll bites you! The deep troll claws you!
The deep troll completely misses you.
You shoot a bolt. The bolt hits the deep troll!!!
You kill the deep troll!
Okawaru accepts your kill.
The troll leather armour is intact enough to wear.
The slime creature completely misses you.
The deep troll closely misses you. x2
The deep troll claws you but does no damage.
The deep troll completely misses you. x3
You shoot a bolt. The bolt barely misses the deep troll.
The slime creature completely misses you.
The deep troll barely misses you.
The deep troll claws you but does no damage.
The deep troll completely misses you. The deep troll bites you!
Your body deteriorates!
You feel clumsy. The deep troll completely misses you.
The deep troll closely misses you. The deep troll completely misses you.
The deep troll misses you.
The deep troll claws you but does no damage.
You shoot a bolt. The bolt hits the deep troll!
The deep troll is moderately wounded.
The slime creature closely misses you. The deep troll completely misses you.
The deep troll barely misses you. The deep troll misses you.
The deep troll closely misses you.
The deep troll claws you but does no damage.
The deep troll completely misses you. The deep troll closely misses you.
The deep troll misses you.
The deep troll claws you but does no damage.
You shoot a bolt. The bolt hits the deep troll!!
The deep troll is heavily wounded.
The slime creature closely misses you. The deep troll bites you!
You die...

..# ######
############..#
......
..............#
......
..............#
......
,...........|..#
......
,..............#
......
,......TTT.....#
......
,......J@......#
######
############..#
##### ##...###
#######......#
.............#
.........\^..#
.............#


You could see a slime creature and 3 deep trolls.

Vanquished Creatures
  Vashnia (Snake:2)
  Nikola (Snake:2)
  Mlioglotl (Snake:2)
  Jorgrun (D:15)
  Rupert (D:12)
  A quicksilver dragon (Snake:4)
  Aizul (Snake:2)
  6 nagarajas
  A fire giant (D:15)
  Ilsuiw (Shoals:2)
  A vault warden (Vaults:1)
  3 ironbound preservers (Vaults:1)
  2 orc warlords
  2 ironbound thunderhulks (Vaults:1)
  2 merfolk impalers
  Snorg (D:11)
  A great orb of eyes (Vaults:1)
  5 hydras
  8 vault guards
  2 salamander tyrants (Snake:4)
  3 centaur warriors
  2 catoblepae (D:15)
  A merfolk avatar (Shoals:2)
  5 two-headed ogres
  3 merfolk aquamancers
  12 death yaks
  6 anacondas
  3 tengu warriors (D:14)
  A boulder beetle (D:15)
  14 naga warriors
  Urug (Lair:5)
  9 naga sharpshooters
  4 orc high priests (Orc:2)
  6 shock serpents
  4 skeletal warriors (D:11)
  4 skysharks
  3 salamander mystics
  2 spectral anacondas (Snake:4)
  9 deep trolls (Vaults:1)
  5 sea snakes
  5 naga ritualists
  An ironbound convoker (Vaults:1)
  10 mana vipers
  6 orc knights
  12 harpies
  6 deep elf pyromancers
  An anaconda skeleton (Snake:4)
  10 ugly things
  7 fauns
  4 cyclopes
  8 salamanders
  4 orc sorcerers (Orc:2)
  8 manticores
  7 guardian serpents
  4 merfolk sirens
  34 black mambas
  16 naga magi
  A vault sentinel (Vaults:1)
  Jeremiah (D:8)
  2 gargoyles (D:13)
  5 water nymphs
  2 unseen horrors (D:12)
  22 cane toads
  2 spectral sea snakes (Snake:4)
  2 komodo dragons
  4 rime drakes
  4 kobold demonologists
  A tengu conjurer (D:14)
  2 spectral nagas (Snake:4)
  A yaktaur (Vaults:1)
  An anaconda simulacrum (Snake:4)
  17 merfolk
  A troll (shapeshifter) (D:14)
  5 polar bears
  11 trolls
  A spectral guardian serpent (Snake:4)
  Prince Ribbit (D:8)
  Grinder (D:5)
  3 tyrant leeches (Lair:5)
  18 blink frogs
  3 snapping turtles
  14 dream sheep
  A jumping spider (shapeshifter) (D:14)
  5 centaur simulacra (D:12)
  13 slime creatures
  4 shadows
  4 wyverns
  A vampire (D:11)
  10 water elementals
  44 yaks
  A spriggan (shapeshifter) (D:14)
  4 humans (Vaults:1)
  3 wraiths
  4 basilisks
  A sea snake simulacrum (Snake:4)
  3 steam dragons
  14 vampire mosquitoes
  6 wargs
  3 acid dragons
  41 nagas
  17 water moccasins
  A naga skeleton (Snake:4)
  A guardian serpent simulacrum (Snake:4)
  A swamp drake (Lair:5)
  2 black bears
  30 orc warriors
  3 meliai simulacra (D:12)
  A sky beast (D:7)
  3 ice beasts
  19 wolves
  9 ogres
  19 centaurs
  A phantom (D:5)
  2 kobold brigands
  17 bullfrogs
  3 naga simulacra (Snake:4)
  7 scorpions
  12 wights
  9 killer bees (D:9)
  5 electric eels
  8 howler monkeys
  3 hounds
  13 orc priests
  2 gnoll boudas (D:7)
  14 jellies
  An iron imp (D:15)
  A sleepcap (D:6)
  2 iguanas
  4 hell rats (Lair:5)
  19 orc wizards
  8 gnolls (D:7)
  7 adders
  3 shadow imps
  17 white imps
  4 ufetubi
  2 worms (D:2)
  5 dart slugs
  97 orcs
  4 ball pythons
  5 endoplasms
  3 giant cockroaches
  7 goblins
  6 hobgoblins
  4 jackals (D:2)
  13 kobolds
  4 quokkas
  A frilled lizard (D:2)
  7 rats
995 creatures vanquished.

Vanquished Creatures (others)
  Louise (Snake:1)
  A vault guard (D:13)
  2 black mambas
  A guardian serpent (Snake:2)
  A spectral naga (Snake:4)
  An orc warrior (Orc:2)
7 creatures vanquished.

Grand Total: 1002 creatures vanquished

Notes
Turn   | Place    | Note
-------+----------+-------------------------------------------
     0 | D:1      | qw the Gargoyle Hunter began the quest for the Orb.
     0 | D:1      | Reached XP level 1. HP: 12/12 MP: 1/1
     0 | D:1      | 0 ||| qw: Version: 0.3-a-76-g4403597
     0 | D:1      | 0 ||| qw: Game counter: 245
     0 | D:1      | 0 ||| qw: Melee chars always use a shield: true
     0 | D:1      | 0 ||| qw: God list: Okawaru
     0 | D:1      | 0 ||| qw: Allow faded altars: false
     0 | D:1      | 0 ||| qw: Do Orc after clearing Dungeon:15 true
     0 | D:1      | 0 ||| qw: Do second Lair branch before Depths: true
     0 | D:1      | 0 ||| qw: Lair rune preference: random
     0 | D:1      | 0 ||| qw: Goals: Normal
     0 | D:1      | 0 ||| PLANNING D:1-11
   201 | D:1      | Found Qumnoon's Antique Armour Shoppe.
   205 | D:1      | Found Bemaof's Magic Scroll Shoppe.
   209 | D:1      | 209 ||| SHOPLISTING silken robe (131 gold, have 5).
   213 | D:1      | 213 ||| SHOPLISTING 2 scrolls of identify (44 gold, have
                  | 5).
   213 | D:1      | 213 ||| SHOPLISTING scroll of identify (22 gold, have 5).
   213 | D:1      | 213 ||| SHOPLISTING scroll of teleportation (33 gold, have
                  | 5).
   282 | D:1      | Reached XP level 2. HP: 17/17 MP: 2/2
   360 | D:1      | Found Ebiv's Jewellery Emporium.
   371 | D:1      | 371 ||| SHOPLISTING amulet of regeneration (330 gold, have
                  | 53).
   371 | D:1      | 371 ||| SHOPLISTING ring "Boedah" {Fly MP+9} (320 gold,
                  | have 53).
   371 | D:1      | 371 ||| SHOPLISTING ring of positive energy (220 gold, have
                  | 53).
   371 | D:1      | 371 ||| SHOPLISTING ring of protection from cold (275 gold,
                  | have 53).
   388 | D:1      | Found Lasoppuv's Distillery.
   396 | D:1      | 396 ||| SHOPLISTING 2 potions of might (88 gold, have 53).
   396 | D:1      | 396 ||| BUYING potion of curing (33 gold).
   396 | D:1      | Bought a potion of curing for 33 gold pieces
   396 | D:1      | 396 ||| SHOPLISTING potion of enlightenment (55 gold, have
                  | 20).
   396 | D:1      | 396 ||| SHOPLISTING potion of mutation (88 gold, have 20).
   589 | D:1      | Found Xoren's Distillery.
   604 | D:1      | 604 ||| SHOPLISTING 2 potions of heal wounds (120 gold,
                  | have 20).
   604 | D:1      | 604 ||| SHOPLISTING 2 potions of mutation (192 gold, have
                  | 20).
   604 | D:1      | 604 ||| SHOPLISTING potion of curing (36 gold, have 20).
   604 | D:1      | 604 ||| SHOPLISTING potion of mutation (96 gold, have 20).
   790 | D:1      | 790 ||| UPGRADING to +4 ring of protection.
   791 | D:1      | 791 ||| UPGRADING to ring of willpower.
   792 | D:1      | 792 ||| READING 3 scrolls labelled EWOREI EVYOR.
   793 | D:1      | 793 ||| READING scroll labelled SYCUZO QIUZA.
   794 | D:1      | 794 ||| READING 2 scrolls of identify.
   794 | D:1      | 794 ||| IDENTIFYING glowing puce potion
   795 | D:1      | 795 ||| DROPPING scroll of butterflies.
   796 | D:1      | 796 ||| DROPPING potion of attraction.
   834 | D:2      | Reached XP level 3. HP: 19/21 MP: 3/3
   849 | D:2      | Identified the +1 pair of gloves "Reunum" {Str+2}
   925 | D:2      | Reached skill level 5 in Ranged Weapons
  1056 | D:2      | Reached skill level 3 in Fighting
  1082 | D:2      | Reached XP level 4. HP: 28/28 MP: 4/4
  1649 | D:2      | 1649 ||| UPGRADING to +1 pair of gloves "Reunum" {Str+2}.
  1654 | D:2      | 1654 ||| UPGRADING to +0 helmet.
  1659 | D:2      | 1659 ||| UPGRADING to amulet of guardian spirit.
  1664 | D:2      | 1664 ||| READING scroll labelled URIUCH ITUNOAT.
  1665 | D:2      | 1665 ||| READING scroll labelled BAVUEHY EDAAR.
  1665 | D:2      | Identified a scroll of acquirement
  1665 | D:2      | 1665 ||| ACQUIRING +2 pair of boots of Isuphaadgh {rElec
                  | rN+ Str+5 SInv}
  1665 | D:2      | Acquired the +2 pair of boots of Isuphaadgh {rElec rN+
                  | Str+5 SInv}
  1667 | D:2      | 1667 ||| UPGRADING to +2 pair of boots of Isuphaadgh {rElec
                  | rN+ Str+5 SInv}.
  1672 | D:2      | 1672 ||| READING scroll labelled DYULEA MOCRIGH.
  1677 | D:2      | 1677 ||| READING scroll labelled DOSTRI LU BIOCO.
  1678 | D:2      | 1678 ||| READING 3 scrolls of identify.
  1678 | D:2      | 1678 ||| IDENTIFYING fuming ruby potion
  1679 | D:2      | 1679 ||| DROPPING potion of degeneration.
  1732 | D:3      | Found a sparkling altar of Nemelex Xobeh.
  1732 | D:3      | Found a radiant altar of Vehumet.
  1845 | D:3      | 1845 ||| READING scroll labelled ISEIXU DIKHLOBA.
  1883 | D:3      | Reached skill level 1 in Armour
  2073 | D:3      | 2073 ||| SWAPPING to +0 arbalest.
  2074 | D:3      | 2074 ||| DROPPING +1 shortbow.
  2334 | D:3      | 2334 ||| READING 2 scrolls labelled LAATRI KOGU.
  2335 | D:3      | 2335 ||| DRINKING 2 murky pink potions.
  2336 | D:3      | 2336 ||| READING 3 scrolls of identify.
  2336 | D:3      | 2336 ||| IDENTIFYING red potion
  2337 | D:3      | 2337 ||| DROPPING scroll of noise.
  2338 | D:3      | 2338 ||| DROPPING potion of brilliance.
  2364 | D:4      | Noticed a scorpion
  2374 | D:4      | Killed a scorpion
  2375 | D:4      | Reached skill level 6 in Ranged Weapons
  2375 | D:4      | Reached XP level 5. HP: 24/32 MP: 5/5
  2588 | D:4      | Reached XP level 6. HP: 38/38 MP: 6/6
  2986 | D:4      | 2986 ||| READING scroll labelled ILYTRE XARO.
  2987 | D:4      | 2987 ||| READING 3 scrolls of identify.
  2987 | D:4      | 2987 ||| IDENTIFYING bubbling yellow potion
  2988 | D:4      | 2988 ||| READING 2 scrolls of identify.
  2988 | D:4      | 2988 ||| IDENTIFYING fuming dark potion
  2989 | D:4      | 2989 ||| DROPPING potion of berserk rage.
  2990 | D:4      | 2990 ||| DROPPING potion of lignification.
  3002 | D:5      | Entered Level 5 of the Dungeon
  3037 | D:5      | Found a staircase to the Ecumenical Temple.
  3038 | D:5      | 3038 ||| PLANNING TEMPLE
  3041 | D:5      | Reached skill level 7 in Ranged Weapons
  3047 | Temple   | Entered the Ecumenical Temple
  3048 | Temple   | 3048 ||| PLANNING OKAWARU WORSHIP
  3119 | Temple   | Became a worshipper of Warmaster Okawaru
  3120 | Temple   | 3120 ||| PLANNING D:1-11
  3120 | Temple   | 3120 ||| REMOVING amulet of guardian spirit.
  3125 | Temple   | 3125 ||| DROPPING amulet of guardian spirit.
  3207 | D:5      | Reached XP level 7. HP: 43/43 MP: 7/7
  3352 | D:5      | 3352 ||| READING 3 scrolls of enchant armour.
  3352 | D:5      | 3352 ||| ENCHANTING +0 helmet.
  3353 | D:5      | 3353 ||| READING 2 scrolls of enchant armour.
  3353 | D:5      | 3353 ||| ENCHANTING +1 helmet.
  3394 | D:5      | Noticed Grinder
  3403 | D:5      | Killed Grinder
  3404 | D:5      | Reached skill level 8 in Ranged Weapons
  3406 | D:5      | 3406 ||| Stepping ~*~*~tactically~*~*~ (outnumbered).
  3407 | D:5      | 3407 ||| Stepping ~*~*~tactically~*~*~ (outnumbered).
  3408 | D:5      | 3408 ||| Stepping ~*~*~tactically~*~*~ (outnumbered).
  3412 | D:5      | 3412 ||| Stepping ~*~*~tactically~*~*~ (outnumbered).
  3413 | D:5      | 3413 ||| STAIRDANCE
  3417 | D:4      | Reached * piety under Okawaru
  3420 | D:5      | 3420 ||| STAIRDANCE
  3426 | D:5      | 3426 ||| STAIRDANCE
  3444 | D:5      | 3444 ||| STAIRDANCE
  3480 | D:5      | 3480 ||| INVOKING Heroism.
  3541 | D:5      | Reached XP level 8. HP: 49/49 MP: 8/8
  3726 | D:6      | 3726 ||| STAIRDANCE
  3733 | D:6      | 3733 ||| STAIRDANCE
  3738 | D:6      | 3738 ||| STAIRDANCE
  3750 | D:6      | 3750 ||| STAIRDANCE
  3753 | D:5      | Reached skill level 1 in Invocations
  3846 | D:6      | Found Cabeini's Armour Shoppe.
  3855 | D:6      | 3855 ||| BUYING +0 ring mail (52 gold).
  3855 | D:6      | Bought a +0 ring mail for 52 gold pieces
  3883 | D:6      | 3883 ||| INVOKING Heroism.
  4197 | D:6      | Reached skill level 9 in Ranged Weapons
  4197 | D:6      | Reached skill level 3 in Invocations
  4341 | D:6      | 4341 ||| UPGRADING to +0 ring mail.
  4351 | D:6      | 4351 ||| DROPPING +0 leather armour.
  4352 | D:6      | 4352 ||| DRINKING 2 white potions.
  4352 | D:6      | Gained mutation: You do not regenerate when monsters are
                  | visible. [potion of mutation]
  4352 | D:6      | Gained mutation: Your magical capacity is low. (-10% MP)
                  | [potion of mutation]
  4352 | D:6      | Gained mutation: You are frail. (-10% HP) [potion of
                  | mutation]
  4353 | D:6      | 4353 ||| DRINKING potion of mutation.
  4353 | D:6      | Lost mutation: You are frail. (-10% HP) [potion of
                  | mutation]
  4353 | D:6      | Lost mutation: Your magical capacity is low. (-10% MP)
                  | [potion of mutation]
  4353 | D:6      | Lost mutation: You do not regenerate when monsters are
                  | visible. [potion of mutation]
  4353 | D:6      | Gained mutation: Your body sometimes deteriorates upon
                  | taking damage. [potion of mutation]
  4353 | D:6      | Gained mutation: You are covered in fur. (AC +1) [potion of
                  | mutation]
  4493 | D:7      | 4493 ||| Stepping ~*~*~tactically~*~*~ (outnumbered).
  4500 | D:7      | 4500 ||| Stepping ~*~*~tactically~*~*~ (retreating).
  4501 | D:7      | 4501 ||| Stepping ~*~*~tactically~*~*~ (retreating).
  4502 | D:7      | 4502 ||| Stepping ~*~*~tactically~*~*~ (retreating).
  4503 | D:7      | 4503 ||| Stepping ~*~*~tactically~*~*~ (retreating).
  4506 | D:7      | 4506 ||| Stepping ~*~*~tactically~*~*~ (retreating).
  4507 | D:7      | Reached ** piety under Okawaru
  4508 | D:7      | Reached skill level 3 in Armour
  4509 | D:7      | 4509 ||| INVOKING Heroism.
  4510 | D:7      | 4510 ||| Stepping ~*~*~tactically~*~*~ (retreating).
  4522 | D:7      | Reached XP level 9. HP: 49/55 MP: 10/12
  4551 | D:7      | 4551 ||| INVOKING Heroism.
  4552 | D:7      | 4552 ||| RETREATING.
  4562 | D:7      | Reached skill level 6 in Fighting
  4763 | D:7      | 4763 ||| INVOKING Heroism.
  4769 | D:7      | Reached skill level 10 in Ranged Weapons
  4796 | D:7      | Reached skill level 3 in Dodging
  4852 | D:7      | Found an ornate altar of the Wu Jian Council.
  4934 | D:7      | 4934 ||| INVOKING Heroism.
  5067 | D:7      | 5067 ||| UPGRADING to ring of protection from fire.
  5069 | D:7      | 5069 ||| READING scroll labelled TEABEF QIMMESO.
  5124 | D:8      | 5124 ||| Stepping ~*~*~tactically~*~*~ (retreating).
  5131 | D:8      | 5131 ||| Stepping ~*~*~tactically~*~*~ (retreating).
  5132 | D:8      | Noticed a troll
  5133 | D:8      | 5133 ||| INVOKING Heroism.
  5140 | D:8      | 5140 ||| Stepping ~*~*~tactically~*~*~ (retreating).
  5149 | D:8      | 5149 ||| INVOKING Heroism.
  5150 | D:8      | Killed a troll
  5562 | D:8      | Reached skill level 11 in Ranged Weapons
  5573 | D:8      | Noticed a two-headed ogre
  5574 | D:8      | 5574 ||| INVOKING Heroism.
  5581 | D:8      | Killed a two-headed ogre
  5582 | D:8      | Reached skill level 6 in Armour
  5582 | D:8      | Reached XP level 10. HP: 53/63 MP: 11/13
  5584 | D:8      | Noticed Jeremiah
  5593 | D:8      | 5593 ||| RETREATING.
  5597 | D:8      | 5597 ||| RETREATING.
  5600 | D:8      | 5600 ||| RETREATING.
  5606 | D:8      | 5606 ||| FLEEEEING.
  5614 | D:8      | 5614 ||| STAIRDANCE
  5647 | D:8      | 5647 ||| STAIRDANCE
  5687 | D:8      | 5687 ||| STAIRDANCE
  5726 | D:8      | 5726 ||| INVOKING Heroism.
  5732 | D:8      | 5732 ||| FLEEEEING.
  5733 | D:8      | 5733 ||| STAIRDANCE
  5899 | D:8      | 5899 ||| Stepping ~*~*~tactically~*~*~ (retreating).
  5900 | D:8      | 5900 ||| Stepping ~*~*~tactically~*~*~ (retreating).
  5901 | D:8      | 5901 ||| Stepping ~*~*~tactically~*~*~ (retreating).
  5902 | D:8      | 5902 ||| Stepping ~*~*~tactically~*~*~ (retreating).
  5903 | D:8      | 5903 ||| INVOKING Heroism.
  5915 | D:8      | 5915 ||| INVOKING Heroism.
  5916 | D:8      | HP: 8/63 [Jeremiah/divine providence (10)]
  5917 | D:8      | 5917 ||| READING 3 scrolls of teleportation.
  6178 | D:8      | Noticed Prince Ribbit
  6192 | D:8      | Killed Prince Ribbit
  6201 | D:8      | 6201 ||| INVOKING Heroism.
  6207 | D:8      | Killed Jeremiah
  6284 | D:8      | 6284 ||| INVOKING Heroism.
  6314 | D:8      | 6314 ||| READING 3 scrolls of identify.
  6314 | D:8      | 6314 ||| IDENTIFYING glowing blue potion
  6680 | D:8      | You fall into a shaft and drop 1 floor!
  6687 | D:9      | 6687 ||| DROPPING ring of willpower.
  6688 | D:9      | 6688 ||| UPGRADING to +5 ring of evasion.
  6690 | D:9      | 6690 ||| UPGRADING to +4 ring of protection.
  6692 | D:9      | 6692 ||| READING 2 scrolls of identify.
  6692 | D:9      | 6692 ||| IDENTIFYING cyan potion
  6866 | D:9      | Noticed a two-headed ogre
  6868 | D:9      | 6868 ||| INVOKING Heroism.
  6871 | D:9      | Killed a two-headed ogre
  6932 | D:9      | Reached skill level 12 in Ranged Weapons
  6950 | D:9      | Noticed a two-headed ogre
  6951 | D:9      | 6951 ||| INVOKING Heroism.
  6954 | D:9      | Killed a two-headed ogre
  6954 | D:9      | Reached *** piety under Okawaru
  7207 | D:9      | Found a bloodstained altar of Trog.
  7382 | D:9      | 7382 ||| READING scroll of brand weapon.
  7382 | D:9      | 7382 ||| BRANDING +0 arbalest of flaming.
  7529 | D:9      | Noticed a kobold demonologist
  7532 | D:9      | Killed a kobold demonologist
  7533 | D:9      | Reached skill level 13 in Ranged Weapons
  7533 | D:9      | Reached XP level 11. HP: 68/68 MP: 14/14
  7627 | D:9      | 7627 ||| READING scroll labelled ERRALO RIGAME.
  7666 | D:10     | Entered Level 10 of the Dungeon
  7666 | D:10     | Found a staircase to the Lair.
  7686 | D:10     | 7686 ||| FLEEEEING.
  7687 | D:10     | 7687 ||| FLEEEEING.
  7728 | D:10     | Noticed a two-headed ogre
  7729 | D:10     | 7729 ||| INVOKING Heroism.
  7731 | D:10     | Killed a two-headed ogre
  7732 | D:10     | Reached skill level 9 in Fighting
  7809 | D:10     | Found a corrupted altar of Lugonu.
  7825 | D:10     | 7825 ||| RETREATING.
  7828 | D:10     | Reached **** piety under Okawaru
  7833 | D:10     | Noticed a two-headed ogre
  7836 | D:10     | 7836 ||| INVOKING Heroism.
  7850 | D:10     | Killed a two-headed ogre
  7850 | D:10     | HP: 4/71 [orc priest/divine providence (14)]
  7851 | D:10     | 7851 ||| READING 2 scrolls of teleportation.
  7852 | D:10     | 7852 ||| DRINKING potion of heal wounds.
  7853 | D:10     | 7853 ||| INVOKING Heroism.
  8026 | D:10     | Found a transporter.
  8026 | D:10     | Noticed a cyan ugly thing
  8027 | D:10     | Found a transporter.
  8039 | D:10     | Noticed a brown ugly thing
  8052 | D:10     | Found a glowing silver altar of Zin.
  8063 | D:10     | 8063 ||| Stepping ~*~*~tactically~*~*~ (outnumbered).
  8280 | D:10     | 8280 ||| INVOKING Heroism.
  8302 | D:10     | Found a staircase to the Orcish Mines.
  8499 | D:10     | 8499 ||| PLANNING LAIR
  8499 | D:10     | 8499 ||| DROPPING ring of positive energy.
  8520 | Lair:1   | Entered Level 1 of the Lair of Beasts
  8523 | Lair:1   | 8523 ||| STAIRDANCE
  8532 | Lair:1   | 8532 ||| STAIRDANCE
  8552 | Lair:1   | 8552 ||| STAIRDANCE
  8565 | Lair:1   | 8565 ||| STAIRDANCE
  8591 | Lair:1   | 8591 ||| READING scroll of brand weapon.
  8591 | Lair:1   | 8591 ||| BRANDING +0 arbalest of draining.
  8642 | Lair:1   | Reached skill level 6 in Invocations
  8799 | Lair:1   | 8799 ||| RETREATING.
  8810 | Lair:1   | Reached ***** piety under Okawaru
  8815 | Lair:1   | 8815 ||| RETREATING.
  8880 | Lair:1   | 8880 ||| INVOKING Heroism.
  8885 | Lair:1   | 8885 ||| Stepping ~*~*~tactically~*~*~ (retreating).
  8886 | Lair:1   | 8886 ||| Stepping ~*~*~tactically~*~*~ (retreating).
  8974 | Lair:1   | 8974 ||| INVOKING Heroism.
  8977 | Lair:1   | Reached skill level 14 in Ranged Weapons
  9050 | Lair:1   | Noticed a death yak
  9051 | Lair:1   | 9051 ||| Stepping ~*~*~tactically~*~*~ (water).
  9052 | Lair:1   | 9052 ||| INVOKING Heroism.
  9053 | Lair:1   | 9053 ||| INVOKING Finesse.
  9058 | Lair:1   | Noticed a death yak
  9059 | Lair:1   | Killed a death yak
  9060 | Lair:1   | Reached XP level 12. HP: 76/76 MP: 9/17
  9064 | Lair:1   | Killed a death yak
  9065 | Lair:1   | Noticed a death yak
  9074 | Lair:1   | Killed a death yak
  9120 | Lair:1   | You fall into a shaft and drop 1 floor!
  9121 | Lair:2   | 9121 ||| Stepping ~*~*~tactically~*~*~ (retreating).
  9122 | Lair:2   | 9122 ||| Stepping ~*~*~tactically~*~*~ (retreating).
  9174 | Lair:2   | 9174 ||| READING 3 scrolls of enchant weapon.
  9174 | Lair:2   | 9174 ||| ENCHANTING +0 arbalest of electrocution.
  9175 | Lair:2   | 9175 ||| READING 2 scrolls of enchant weapon.
  9175 | Lair:2   | 9175 ||| ENCHANTING +1 arbalest of electrocution.
  9176 | Lair:2   | 9176 ||| READING scroll of enchant weapon.
  9176 | Lair:2   | 9176 ||| ENCHANTING +2 arbalest of electrocution.
  9188 | Lair:2   | 9188 ||| Stepping ~*~*~tactically~*~*~ (retreating).
  9190 | Lair:2   | 9190 ||| Stepping ~*~*~tactically~*~*~ (retreating).
  9191 | Lair:2   | 9191 ||| Stepping ~*~*~tactically~*~*~ (retreating).
  9192 | Lair:2   | 9192 ||| Stepping ~*~*~tactically~*~*~ (retreating).
  9193 | Lair:2   | 9193 ||| Stepping ~*~*~tactically~*~*~ (retreating).
  9194 | Lair:2   | 9194 ||| Stepping ~*~*~tactically~*~*~ (retreating).
  9195 | Lair:2   | 9195 ||| Stepping ~*~*~tactically~*~*~ (retreating).
  9208 | Lair:2   | 9208 ||| INVOKING Heroism.
  9214 | Lair:2   | Reached skill level 9 in Invocations
 10110 | Lair:2   | 10110 ||| INVOKING Heroism.
 10298 | Lair:2   | 10298 ||| READING 2 scrolls of identify.
 10298 | Lair:2   | 10298 ||| IDENTIFYING fizzy ruby potion
 10299 | Lair:2   | 10299 ||| DROPPING potion of ambrosia.
 10339 | Lair:3   | 10339 ||| Stepping ~*~*~tactically~*~*~ (retreating).
 10345 | Lair:3   | 10345 ||| INVOKING Heroism.
 10429 | Lair:3   | 10429 ||| INVOKING Heroism.
 10471 | Lair:3   | 10471 ||| RETREATING.
 10474 | Lair:3   | 10474 ||| RETREATING.
 10476 | Lair:3   | 10476 ||| RETREATING.
 10478 | Lair:3   | 10478 ||| Stepping ~*~*~tactically~*~*~ (retreating).
 10479 | Lair:3   | Identified the scarf of Serendipity {shadows, Str+3}
                  | (Okawaru gifted it to you on level 3 of the Lair of Beasts)
 10479 | Lair:3   | Received a gift from Okawaru
 10537 | Lair:3   | 10537 ||| RETREATING.
 10560 | Lair:3   | Reached skill level 15 in Ranged Weapons
 10607 | Lair:3   | 10607 ||| INVOKING Heroism.
 10608 | Lair:3   | 10608 ||| RETREATING.
 10620 | Lair:3   | 10620 ||| Stepping ~*~*~tactically~*~*~ (retreating).
 10622 | Lair:3   | 10622 ||| Stepping ~*~*~tactically~*~*~ (retreating).
 10623 | Lair:3   | 10623 ||| Stepping ~*~*~tactically~*~*~ (retreating).
 10624 | Lair:3   | 10624 ||| Stepping ~*~*~tactically~*~*~ (retreating).
 10651 | Lair:3   | Found a staircase to the Shoals.
 11030 | Lair:3   | 11030 ||| INVOKING Heroism.
 11254 | Lair:3   | Found a staircase to the Snake Pit.
 11278 | Lair:3   | 11278 ||| Stepping ~*~*~tactically~*~*~ (water).
 11279 | Lair:3   | 11279 ||| INVOKING Heroism.
 11283 | Lair:3   | Reached XP level 13. HP: 82/82 MP: 17/20
 11446 | Lair:3   | 11446 ||| UPGRADING to scarf of Serendipity {shadows,
                  | Str+3}.
 11451 | Lair:3   | 11451 ||| DROPPING ring of magical power.
 11554 | Lair:4   | Found a staircase to the Slime Pits.
 11555 | Lair:4   | Found a viscous altar of Jiyva.
 11567 | Lair:4   | Reached skill level 16 in Ranged Weapons
 11632 | Lair:4   | 11632 ||| RETREATING.
 11781 | Lair:4   | 11781 ||| Stepping ~*~*~tactically~*~*~ (retreating).
 11783 | Lair:4   | 11783 ||| Stepping ~*~*~tactically~*~*~ (retreating).
 11784 | Lair:4   | 11784 ||| Stepping ~*~*~tactically~*~*~ (retreating).
 11947 | Lair:4   | 11947 ||| Stepping ~*~*~tactically~*~*~ (outnumbered).
 11951 | Lair:4   | Identified the +6 scale mail "Cothryusk" {-Tele Rampage
                  | rF+++ Int-5} (Okawaru gifted it to you on level 4 of the
                  | Lair of Beasts)
 11951 | Lair:4   | Received a gift from Okawaru
 12064 | Lair:4   | 12064 ||| Stepping ~*~*~tactically~*~*~ (water).
 12075 | Lair:4   | 12075 ||| RETREATING.
 12084 | Lair:4   | 12084 ||| FLEEEEING.
 12085 | Lair:4   | 12085 ||| FLEEEEING.
 12090 | Lair:4   | 12090 ||| Stepping ~*~*~tactically~*~*~ (retreating).
 12395 | Lair:4   | 12395 ||| UPGRADING to +0 leather armour of fire
                  | resistance.
 12405 | Lair:4   | 12405 ||| READING scroll labelled NOOTYK ONIEWUR.
 12406 | Lair:4   | 12406 ||| READING scroll labelled NAYT RIAMO.
 12407 | Lair:4   | 12407 ||| READING scroll labelled ADIF NITZYM HIZ.
 12408 | Lair:4   | 12408 ||| READING 2 scrolls of identify.
 12408 | Lair:4   | 12408 ||| IDENTIFYING metallic yellow potion
 12417 | Lair:5   | Entered Level 5 of the Lair of Beasts
 12422 | Lair:5   | 12422 ||| STAIRDANCE
 12432 | Lair:5   | 12432 ||| STAIRDANCE
 12437 | Lair:4   | 12437 ||| INVOKING Heroism.
 12603 | Lair:5   | 12603 ||| INVOKING Heroism.
 12604 | Lair:5   | 12604 ||| STAIRDANCE
 12606 | Lair:4   | 12606 ||| INVOKING Finesse.
 12651 | Lair:5   | 12651 ||| INVOKING Heroism.
 12652 | Lair:5   | 12652 ||| INVOKING Finesse.
 12721 | Lair:5   | Reached skill level 17 in Ranged Weapons
 12748 | Lair:5   | 12748 ||| INVOKING Heroism.
 12750 | Lair:5   | 12750 ||| RETREATING.
 12753 | Lair:5   | 12753 ||| Stepping ~*~*~tactically~*~*~ (retreating).
 12774 | Lair:5   | 12774 ||| RETREATING.
 12803 | Lair:5   | 12803 ||| Stepping ~*~*~tactically~*~*~ (retreating).
 12804 | Lair:5   | 12804 ||| Stepping ~*~*~tactically~*~*~ (retreating).
 12879 | Lair:5   | 12879 ||| Stepping ~*~*~tactically~*~*~ (retreating).
 12881 | Lair:5   | 12881 ||| Stepping ~*~*~tactically~*~*~ (retreating).
 12883 | Lair:5   | 12883 ||| Stepping ~*~*~tactically~*~*~ (retreating).
 12889 | Lair:5   | 12889 ||| FLEEEEING.
 12890 | Lair:5   | 12890 ||| FLEEEEING.
 12891 | Lair:5   | 12891 ||| FLEEEEING.
 12892 | Lair:5   | 12892 ||| FLEEEEING.
 12904 | Lair:5   | 12904 ||| INVOKING Heroism.
 12950 | Lair:5   | 12950 ||| INVOKING Heroism.
 13006 | Lair:5   | 13006 ||| INVOKING Heroism.
 13009 | Lair:5   | Reached skill level 6 in Dodging
 13057 | Lair:5   | 13057 ||| FLEEEEING.
 13070 | Lair:5   | 13070 ||| INVOKING Heroism.
 13105 | Lair:5   | 13105 ||| FLEEEEING.
 13143 | Lair:5   | 13143 ||| INVOKING Heroism.
 13305 | Lair:5   | Gained mutation: Your large and strong wings let you fly.
                  | [Gargoyle growth]
 13305 | Lair:5   | Reached XP level 14. HP: 90/90 MP: 21/21
 13420 | Lair:5   | Reached skill level 18 in Ranged Weapons
 13496 | Lair:5   | 13496 ||| INVOKING Heroism.
 13507 | Lair:5   | 13507 ||| Stepping ~*~*~tactically~*~*~ (retreating).
 13508 | Lair:5   | 13508 ||| Stepping ~*~*~tactically~*~*~ (retreating).
 13509 | Lair:5   | 13509 ||| Stepping ~*~*~tactically~*~*~ (retreating).
 13510 | Lair:5   | 13510 ||| Stepping ~*~*~tactically~*~*~ (retreating).
 13511 | Lair:5   | 13511 ||| Stepping ~*~*~tactically~*~*~ (retreating).
 13512 | Lair:5   | 13512 ||| Stepping ~*~*~tactically~*~*~ (retreating).
 13553 | Lair:5   | 13553 ||| READING scroll of enchant weapon.
 13553 | Lair:5   | 13553 ||| ENCHANTING +3 arbalest of electrocution.
 13566 | Lair:5   | Noticed Urug
 13567 | Lair:5   | 13567 ||| INVOKING Heroism.
 13579 | Lair:5   | Killed Urug
 13580 | Lair:5   | Reached skill level 12 in Fighting
 13863 | Lair:5   | 13863 ||| SWAPPING to +0 longbow.
 13864 | Lair:5   | 13864 ||| INVOKING Heroism.
 13916 | Lair:5   | 13916 ||| DROPPING +4 arbalest of electrocution.
 13918 | Lair:5   | 13918 ||| RETREATING.
 13998 | Lair:5   | 13998 ||| RETREATING.
 13999 | Lair:5   | 13999 ||| INVOKING Heroism.
 14035 | Lair:5   | HP: 15/92 [cane toad (13)]
 14036 | Lair:5   | 14036 ||| READING 4 scrolls of teleportation.
 14037 | Lair:5   | 14037 ||| DRINKING potion of heal wounds.
 14508 | Lair:5   | 14508 ||| INVOKING Heroism.
 14535 | Lair:5   | 14535 ||| PLANNING D:1-11
 14535 | Lair:5   | 14535 ||| DROPPING +0 ring mail.
 14536 | Lair:5   | 14536 ||| UPGRADING to +0 acid dragon scales.
 14546 | Lair:5   | 14546 ||| UPGRADING to +1 leather armour of cold
                  | resistance.
 14862 | D:11     | Noticed Snorg
 14863 | D:11     | 14863 ||| INVOKING Heroism.
 14884 | D:11     | Killed Snorg
 14938 | D:11     | 14938 ||| INVOKING Heroism.
 15097 | D:11     | 15097 ||| READING scroll of brand weapon.
 15097 | D:11     | 15097 ||| BRANDING +0 longbow.
 15138 | D:11     | 15138 ||| INVOKING Heroism.
 15144 | D:11     | 15144 ||| Stepping ~*~*~tactically~*~*~ (retreating).
 15147 | D:11     | 15147 ||| Stepping ~*~*~tactically~*~*~ (retreating).
 15148 | D:11     | 15148 ||| Stepping ~*~*~tactically~*~*~ (retreating).
 15150 | D:11     | 15150 ||| Stepping ~*~*~tactically~*~*~ (retreating).
 15380 | D:11     | 15380 ||| DRINKING 4 potions of curing.
 15380 | D:11     | 15380 ||| (to cure confusion)
 15540 | D:11     | 15540 ||| PLANNING D
 15540 | D:11     | 15540 ||| DROPPING +0 acid dragon scales.
 15541 | D:11     | 15541 ||| UPGRADING to +0 troll leather armour.
 15551 | D:11     | 15551 ||| DROPPING +0 steam dragon scales.
 15552 | D:11     | 15552 ||| DROPPING +1 leather armour of cold resistance.
 15553 | D:11     | 15553 ||| UPGRADING to amulet of the acrobat.
 15558 | D:11     | 15558 ||| DROPPING ring of ice.
 15604 | D:12     | 15604 ||| Stepping ~*~*~tactically~*~*~ (outnumbered).
 15605 | D:12     | 15605 ||| Stepping ~*~*~tactically~*~*~ (outnumbered).
 15608 | D:12     | 15608 ||| Stepping ~*~*~tactically~*~*~ (outnumbered).
 15637 | D:12     | Reached skill level 19 in Ranged Weapons
 15737 | D:12     | 15737 ||| Stepping ~*~*~tactically~*~*~ (outnumbered).
 15739 | D:12     | 15739 ||| Stepping ~*~*~tactically~*~*~ (outnumbered).
 15741 | D:12     | 15741 ||| Stepping ~*~*~tactically~*~*~ (outnumbered).
 15750 | D:12     | 15750 ||| Stepping ~*~*~tactically~*~*~ (outnumbered).
 15752 | D:12     | 15752 ||| Stepping ~*~*~tactically~*~*~ (outnumbered).
 15754 | D:12     | 15754 ||| Stepping ~*~*~tactically~*~*~ (outnumbered).
 15771 | D:12     | 15771 ||| Stepping ~*~*~tactically~*~*~ (outnumbered).
 15773 | D:12     | 15773 ||| Stepping ~*~*~tactically~*~*~ (outnumbered).
 15775 | D:12     | 15775 ||| Stepping ~*~*~tactically~*~*~ (outnumbered).
 15796 | D:12     | 15796 ||| INVOKING Heroism.
 15810 | D:12     | 15810 ||| Stepping ~*~*~tactically~*~*~ (retreating).
 15944 | D:12     | 15944 ||| Stepping ~*~*~tactically~*~*~ (outnumbered).
 15946 | D:12     | 15946 ||| Stepping ~*~*~tactically~*~*~ (outnumbered).
 16098 | D:12     | 16098 ||| INVOKING Heroism.
 16229 | D:12     | 16229 ||| Stepping ~*~*~tactically~*~*~ (outnumbered).
 16258 | D:12     | 16258 ||| RETREATING.
 16403 | D:12     | Noticed Rupert
 16404 | D:12     | 16404 ||| INVOKING Heroism.
 16405 | D:12     | 16405 ||| INVOKING Finesse.
 16415 | D:12     | 16415 ||| DRINKING 3 potions of curing.
 16415 | D:12     | 16415 ||| (to cure confusion)
 16419 | D:12     | Killed Rupert
 16639 | D:12     | 16639 ||| UPGRADING to scarf of repulsion.
 16649 | D:12     | 16649 ||| DROPPING +0 leather armour of fire resistance.
 16650 | D:12     | 16650 ||| READING scroll labelled HIOSEL LALU.
 16710 | D:13     | Reached XP level 15. HP: 98/98 MP: 22/22
 16740 | D:13     | Found a gate to the Vaults.
 16741 | D:13     | 16741 ||| RETREATING.
 16743 | D:13     | 16743 ||| Stepping ~*~*~tactically~*~*~ (retreating).
 16749 | D:13     | 16749 ||| FLEEEEING.
 16761 | D:13     | 16761 ||| Stepping ~*~*~tactically~*~*~ (retreating).
 16776 | D:13     | 16776 ||| INVOKING Heroism.
 16787 | D:13     | 16787 ||| Stepping ~*~*~tactically~*~*~ (retreating).
 16788 | D:13     | 16788 ||| Stepping ~*~*~tactically~*~*~ (retreating).
 16789 | D:13     | 16789 ||| Stepping ~*~*~tactically~*~*~ (retreating).
 17091 | D:13     | Received a gift from Okawaru
 17093 | D:13     | 17093 ||| DROPPING +2 orcbow of draining.
 17127 | D:13     | Found Wirugg's Book Boutique.
 17330 | D:14     | 17330 ||| STAIRDANCE
 17356 | D:14     | Reached skill level 20 in Ranged Weapons
 17378 | D:14     | Found an iron altar of Okawaru.
 17379 | D:14     | Identified the +2 leather armour of the Evil One {rC+ rN+
                  | Str+4}
 17443 | D:14     | Found a shimmering altar of Xom.
 17495 | D:14     | 17495 ||| RETREATING.
 17506 | D:14     | 17506 ||| Stepping ~*~*~tactically~*~*~ (retreating).
 17925 | D:14     | 17925 ||| INVOKING Heroism.
 18173 | D:14     | 18173 ||| READING scroll of enchant weapon.
 18173 | D:14     | 18173 ||| ENCHANTING +0 longbow of draining.
 18326 | D:14     | 18326 ||| UPGRADING to +2 leather armour of the Evil One
                  | {rC+ rN+ Str+4}.
 18336 | D:14     | 18336 ||| READING scroll labelled DACUABB HYIQ.
 18367 | D:15     | Entered Level 15 of the Dungeon
 18451 | D:15     | Noticed Jorgrun
 18452 | D:15     | 18452 ||| INVOKING Heroism.
 18453 | D:15     | 18453 ||| INVOKING Finesse.
 18458 | D:15     | Killed Jorgrun
 18458 | D:15     | Received a gift from Okawaru
 18570 | D:15     | Found a snail-covered altar of Cheibriados.
 18606 | D:15     | Found a staircase to the Depths.
 18606 | D:15     | Noticed a fire giant
 18607 | D:15     | 18607 ||| INVOKING Heroism.
 18611 | D:15     | 18611 ||| INVOKING Finesse.
 18618 | D:15     | Killed a fire giant
 18996 | D:15     | 18996 ||| INVOKING Heroism.
 19269 | D:15     | 19269 ||| PLANNING ORC
 19379 | Orc:1    | Entered Level 1 of the Orcish Mines
 19449 | Orc:1    | 19449 ||| Stepping ~*~*~tactically~*~*~ (outnumbered).
 19450 | Orc:1    | 19450 ||| Stepping ~*~*~tactically~*~*~ (outnumbered).
 19454 | Orc:1    | 19454 ||| Stepping ~*~*~tactically~*~*~ (outnumbered).
 19462 | Orc:1    | 19462 ||| Stepping ~*~*~tactically~*~*~ (outnumbered).
 19544 | Orc:1    | Reached skill level 9 in Dodging
 19553 | Orc:1    | 19553 ||| INVOKING Heroism.
 19737 | Orc:2    | Entered Level 2 of the Orcish Mines
 19737 | Orc:2    | Found Dyoddosk's Antique Armour Shop.
 19738 | Orc:2    | 19738 ||| INVOKING Heroism.
 19742 | Orc:2    | 19742 ||| Stepping ~*~*~tactically~*~*~ (outnumbered).
 19743 | Orc:2    | 19743 ||| Stepping ~*~*~tactically~*~*~ (outnumbered).
 19744 | Orc:2    | 19744 ||| RETREATING.
 19746 | Orc:2    | 19746 ||| Stepping ~*~*~tactically~*~*~ (retreating).
 19747 | Orc:2    | 19747 ||| Stepping ~*~*~tactically~*~*~ (retreating).
 19748 | Orc:2    | 19748 ||| Stepping ~*~*~tactically~*~*~ (retreating).
 19749 | Orc:2    | 19749 ||| Stepping ~*~*~tactically~*~*~ (retreating).
 19750 | Orc:2    | 19750 ||| Stepping ~*~*~tactically~*~*~ (retreating).
 19757 | Orc:2    | 19757 ||| Stepping ~*~*~tactically~*~*~ (outnumbered).
 19767 | Orc:2    | 19767 ||| Stepping ~*~*~tactically~*~*~ (retreating).
 19844 | Orc:2    | 19844 ||| FLEEEEING.
 19847 | Orc:2    | 19847 ||| FLEEEEING.
 19848 | Orc:2    | 19848 ||| FLEEEEING.
 19849 | Orc:2    | 19849 ||| FLEEEEING.
 19850 | Orc:2    | 19850 ||| FLEEEEING.
 19851 | Orc:2    | 19851 ||| FLEEEEING.
 19852 | Orc:2    | 19852 ||| FLEEEEING.
 19853 | Orc:2    | 19853 ||| STAIRDANCE
 20004 | Orc:2    | 20004 ||| INVOKING Heroism.
 20034 | Orc:2    | 20034 ||| BUYING dyed leather armour (140 gold).
 20034 | Orc:2    | Bought a dyed leather armour for 140 gold pieces
 20034 | Orc:2    | 20034 ||| BUYING runed ring mail (196 gold).
 20034 | Orc:2    | Bought a runed ring mail for 196 gold pieces
 20131 | Orc:2    | 20131 ||| DROPPING +2 leather armour of cold resistance.
 20132 | Orc:2    | 20132 ||| DROPPING +2 ring mail of cold resistance.
 20145 | Orc:2    | Found a staircase to the Elven Halls.
 20312 | Orc:1    | 20312 ||| Stepping ~*~*~tactically~*~*~ (outnumbered).
 20351 | Orc:1    | Noticed an orc warlord
 20352 | Orc:1    | 20352 ||| INVOKING Heroism.
 20353 | Orc:1    | 20353 ||| INVOKING Finesse.
 20362 | Orc:1    | Killed an orc warlord
 20363 | Orc:1    | Reached XP level 16. HP: 107/107 MP: 15/23
 20469 | Orc:2    | 20469 ||| INVOKING Heroism.
 20473 | Orc:2    | 20473 ||| Stepping ~*~*~tactically~*~*~ (outnumbered).
 20476 | Orc:2    | Reached skill level 15 in Fighting
 20480 | Orc:2    | 20480 ||| INVOKING Finesse.
 20481 | Orc:2    | 20481 ||| RETREATING.
 20486 | Orc:2    | 20486 ||| Stepping ~*~*~tactically~*~*~ (retreating).
 20487 | Orc:2    | 20487 ||| Stepping ~*~*~tactically~*~*~ (retreating).
 20488 | Orc:2    | 20488 ||| Stepping ~*~*~tactically~*~*~ (retreating).
 20488 | Orc:2    | Found Kigaff's Assorted Antiques.
 20489 | Orc:2    | 20489 ||| Stepping ~*~*~tactically~*~*~ (retreating).
 20601 | Orc:2    | Found a runed translucent gate.
 20602 | Orc:2    | Found a runed translucent gate.
 20603 | Orc:2    | Found a runed translucent gate.
 20607 | Orc:2    | Found an opulent altar of Gozag.
 20608 | Orc:2    | Noticed qw's ghost (adept GrFi)
 20609 | Orc:2    | 20609 ||| INVOKING Heroism.
 20639 | Orc:2    | Found Sitegest's Antique Weapon Shop.
 20656 | Orc:2    | 20656 ||| BUYING glowing arbalest (300 gold).
 20656 | Orc:2    | Bought a glowing arbalest for 300 gold pieces
 20656 | Orc:2    | 20656 ||| BUYING runed longbow (380 gold).
 20656 | Orc:2    | Bought a runed longbow for 380 gold pieces
 20656 | Orc:2    | 20656 ||| SWAPPING to +4 heavy longbow.
 20657 | Orc:2    | 20657 ||| DROPPING +4 arbalest of electrocution.
 20658 | Orc:2    | 20658 ||| DROPPING +1 longbow of draining.
 20689 | Orc:2    | 20689 ||| INVOKING Heroism.
 20690 | Orc:2    | 20690 ||| INVOKING Finesse.
 20693 | Orc:2    | 20693 ||| RETREATING.
 20704 | Orc:2    | 20704 ||| Stepping ~*~*~tactically~*~*~ (retreating).
 20705 | Orc:2    | 20705 ||| Stepping ~*~*~tactically~*~*~ (retreating).
 20706 | Orc:2    | 20706 ||| Stepping ~*~*~tactically~*~*~ (retreating).
 20707 | Orc:2    | 20707 ||| Stepping ~*~*~tactically~*~*~ (retreating).
 20708 | Orc:2    | 20708 ||| Stepping ~*~*~tactically~*~*~ (retreating).
 20709 | Orc:2    | 20709 ||| Stepping ~*~*~tactically~*~*~ (retreating).
 20710 | Orc:2    | 20710 ||| Stepping ~*~*~tactically~*~*~ (retreating).
 20713 | Orc:2    | 20713 ||| Stepping ~*~*~tactically~*~*~ (outnumbered).
 20715 | Orc:2    | 20715 ||| RETREATING.
 20721 | Orc:2    | 20721 ||| Stepping ~*~*~tactically~*~*~ (outnumbered).
 20788 | Orc:2    | Found Nytwaih's Jewellery Boutique.
 20796 | Orc:2    | 20796 ||| BUYING +6 ring of dexterity (468 gold).
 20796 | Orc:2    | Bought a +6 ring of dexterity for 468 gold pieces
 20855 | Orc:2    | Found Violergh's General Store.
 20864 | Orc:2    | 20864 ||| BUYING potion of haste (130 gold).
 20864 | Orc:2    | Bought a potion of haste for 130 gold pieces
 20903 | Orc:2    | 20903 ||| BUYING potion of curing (72 gold).
 20903 | Orc:2    | Bought a potion of curing for 72 gold pieces
 20903 | Orc:2    | 20903 ||| SHOPLISTING runed scarf (192 gold, have 141).
 20903 | Orc:2    | 20903 ||| BUYING silvery potion (21 gold).
 20903 | Orc:2    | Bought a silvery potion for 21 gold pieces
 20946 | Orc:2    | 20946 ||| INVOKING Heroism.
 20956 | Orc:2    | 20956 ||| Stepping ~*~*~tactically~*~*~ (retreating).
 20957 | Orc:2    | 20957 ||| Stepping ~*~*~tactically~*~*~ (retreating).
 20958 | Orc:2    | 20958 ||| Stepping ~*~*~tactically~*~*~ (retreating).
 20959 | Orc:2    | 20959 ||| Stepping ~*~*~tactically~*~*~ (retreating).
 20960 | Orc:2    | 20960 ||| Stepping ~*~*~tactically~*~*~ (retreating).
 20961 | Orc:2    | 20961 ||| Stepping ~*~*~tactically~*~*~ (retreating).
 21161 | Orc:2    | 21161 ||| PLANNING SNAKE:1-3
 21161 | Orc:2    | 21161 ||| UPGRADING to +6 ring of dexterity.
 21163 | Orc:2    | 21163 ||| UPGRADING to +5 ring of evasion.
 21165 | Orc:2    | 21165 ||| DROPPING +4 ring of protection.
 21166 | Orc:2    | 21166 ||| READING 7 scrolls of identify.
 21166 | Orc:2    | 21166 ||| IDENTIFYING silvery potion
 21308 | Snake:1  | Entered Level 1 of the Snake Pit
 21312 | Snake:1  | 21312 ||| RETREATING.
 21314 | Snake:1  | 21314 ||| Stepping ~*~*~tactically~*~*~ (retreating).
 21315 | Snake:1  | 21315 ||| Stepping ~*~*~tactically~*~*~ (retreating).
 21319 | Snake:1  | Noticed Louise
 21320 | Snake:1  | 21320 ||| INVOKING Heroism.
 21325 | Snake:1  | 21325 ||| Stepping ~*~*~tactically~*~*~ (retreating).
 21332 | Snake:1  | 21332 ||| INVOKING Finesse.
 21341 | Snake:1  | Killed Louise
 21342 | Snake:1  | 21342 ||| Stepping ~*~*~tactically~*~*~ (retreating).
 21344 | Snake:1  | 21344 ||| Stepping ~*~*~tactically~*~*~ (retreating).
 21346 | Snake:1  | 21346 ||| Stepping ~*~*~tactically~*~*~ (retreating).
 21347 | Snake:1  | 21347 ||| Stepping ~*~*~tactically~*~*~ (retreating).
 21348 | Snake:1  | 21348 ||| Stepping ~*~*~tactically~*~*~ (retreating).
 21349 | Snake:1  | 21349 ||| Stepping ~*~*~tactically~*~*~ (retreating).
 21350 | Snake:1  | 21350 ||| Stepping ~*~*~tactically~*~*~ (retreating).
 21351 | Snake:1  | 21351 ||| Stepping ~*~*~tactically~*~*~ (retreating).
 21352 | Snake:1  | 21352 ||| Stepping ~*~*~tactically~*~*~ (retreating).
 21357 | Snake:1  | 21357 ||| Stepping ~*~*~tactically~*~*~ (retreating).
 21360 | Snake:1  | 21360 ||| Stepping ~*~*~tactically~*~*~ (retreating).
 21361 | Snake:1  | 21361 ||| Stepping ~*~*~tactically~*~*~ (retreating).
 21362 | Snake:1  | 21362 ||| Stepping ~*~*~tactically~*~*~ (retreating).
 21363 | Snake:1  | 21363 ||| Stepping ~*~*~tactically~*~*~ (retreating).
 21364 | Snake:1  | 21364 ||| Stepping ~*~*~tactically~*~*~ (retreating).
 21365 | Snake:1  | 21365 ||| Stepping ~*~*~tactically~*~*~ (retreating).
 21371 | Snake:1  | 21371 ||| Stepping ~*~*~tactically~*~*~ (outnumbered).
 21374 | Snake:1  | 21374 ||| Stepping ~*~*~tactically~*~*~ (retreating).
 21375 | Snake:1  | 21375 ||| RETREATING.
 21377 | Snake:1  | 21377 ||| INVOKING Heroism.
 21378 | Snake:1  | 21378 ||| Stepping ~*~*~tactically~*~*~ (retreating).
 21380 | Snake:1  | 21380 ||| Stepping ~*~*~tactically~*~*~ (outnumbered).
 21381 | Snake:1  | 21381 ||| RETREATING.
 21383 | Snake:1  | 21383 ||| Stepping ~*~*~tactically~*~*~ (outnumbered).
 21387 | Snake:1  | 21387 ||| Stepping ~*~*~tactically~*~*~ (retreating).
 21388 | Snake:1  | 21388 ||| Stepping ~*~*~tactically~*~*~ (retreating).
 21389 | Snake:1  | 21389 ||| Stepping ~*~*~tactically~*~*~ (retreating).
 21409 | Snake:1  | 21409 ||| INVOKING Heroism.
 21514 | Snake:1  | Identified the +3 leather armour of Weightlessness {-Tele
                  | rN+ Will+}
 21523 | Snake:1  | 21523 ||| RETREATING.
 21525 | Snake:1  | 21525 ||| Stepping ~*~*~tactically~*~*~ (retreating).
 21527 | Snake:1  | 21527 ||| Stepping ~*~*~tactically~*~*~ (retreating).
 21529 | Snake:1  | 21529 ||| Stepping ~*~*~tactically~*~*~ (retreating).
 21535 | Snake:1  | 21535 ||| Stepping ~*~*~tactically~*~*~ (outnumbered).
 21536 | Snake:1  | 21536 ||| Stepping ~*~*~tactically~*~*~ (outnumbered).
 21539 | Snake:1  | 21539 ||| Stepping ~*~*~tactically~*~*~ (outnumbered).
 21597 | Snake:1  | Found Kuzeutz's Jewellery Boutique.
 21640 | Snake:1  | 21640 ||| Stepping ~*~*~tactically~*~*~ (outnumbered).
 21671 | Snake:1  | 21671 ||| Stepping ~*~*~tactically~*~*~ (outnumbered).
 21676 | Snake:1  | 21676 ||| Stepping ~*~*~tactically~*~*~ (outnumbered).
 21678 | Snake:1  | 21678 ||| RETREATING.
 21866 | Snake:2  | 21866 ||| RETREATING.
 21876 | Snake:2  | 21876 ||| RETREATING.
 21918 | Snake:2  | Noticed a nagaraja
 21919 | Snake:2  | 21919 ||| INVOKING Heroism.
 21922 | Snake:2  | 21922 ||| RETREATING.
 21931 | Snake:2  | Killed a nagaraja
 21932 | Snake:2  | Noticed Nikola
 21933 | Snake:2  | 21933 ||| INVOKING Finesse.
 21954 | Snake:2  | 21954 ||| FLEEEEING.
 21961 | Snake:2  | Killed Nikola
 21961 | Snake:2  | Received a gift from Okawaru
 21974 | Snake:2  | Noticed Vashnia
 21975 | Snake:2  | 21975 ||| INVOKING Finesse.
 21976 | Snake:2  | 21976 ||| RETREATING.
 21979 | Snake:2  | 21979 ||| Stepping ~*~*~tactically~*~*~ (retreating).
 21980 | Snake:2  | 21980 ||| Stepping ~*~*~tactically~*~*~ (retreating).
 21985 | Snake:2  | 21985 ||| RETREATING.
 21993 | Snake:2  | 21993 ||| INVOKING Heroism.
 22003 | Snake:2  | Killed Vashnia
 22027 | Snake:2  | Noticed Mlioglotl
 22155 | Snake:2  | 22155 ||| SWAPPING to +3 hand cannon of electrocution.
 22156 | Snake:2  | 22156 ||| DROPPING +4 heavy longbow.
 22162 | Snake:2  | 22162 ||| INVOKING Heroism.
 22163 | Snake:2  | 22163 ||| INVOKING Finesse.
 22173 | Snake:2  | 22173 ||| Stepping ~*~*~tactically~*~*~ (retreating).
 22174 | Snake:2  | 22174 ||| Stepping ~*~*~tactically~*~*~ (retreating).
 22175 | Snake:2  | 22175 ||| Stepping ~*~*~tactically~*~*~ (retreating).
 22179 | Snake:2  | Killed Mlioglotl
 22328 | Snake:2  | Noticed Aizul
 22329 | Snake:2  | 22329 ||| INVOKING Heroism.
 22338 | Snake:2  | Killed Aizul
 22516 | Snake:2  | 22516 ||| DROPPING scarf of Serendipity {shadows, Str+3}.
 22517 | Snake:2  | 22517 ||| DROPPING ring of resist corrosion.
 22518 | Snake:2  | 22518 ||| READING 7 scrolls of identify.
 22518 | Snake:2  | 22518 ||| IDENTIFYING inky potion
 22519 | Snake:2  | 22519 ||| DROPPING potion of invisibility.
 22539 | Snake:3  | 22539 ||| STAIRDANCE
 22548 | Snake:3  | 22548 ||| STAIRDANCE
 22601 | Snake:3  | Reached XP level 17. HP: 114/115 MP: 24/24
 22690 | Snake:3  | 22690 ||| RETREATING.
 22819 | Snake:3  | 22819 ||| Stepping ~*~*~tactically~*~*~ (outnumbered).
 22837 | Snake:3  | 22837 ||| RETREATING.
 22844 | Snake:3  | 22844 ||| Stepping ~*~*~tactically~*~*~ (outnumbered).
 22855 | Snake:3  | 22855 ||| Stepping ~*~*~tactically~*~*~ (outnumbered).
 23027 | Snake:3  | 23027 ||| Stepping ~*~*~tactically~*~*~ (outnumbered).
 23029 | Snake:3  | 23029 ||| Stepping ~*~*~tactically~*~*~ (outnumbered).
 23030 | Snake:3  | 23030 ||| Stepping ~*~*~tactically~*~*~ (outnumbered).
 23032 | Snake:3  | 23032 ||| Stepping ~*~*~tactically~*~*~ (outnumbered).
 23033 | Snake:3  | 23033 ||| Stepping ~*~*~tactically~*~*~ (outnumbered).
 23035 | Snake:3  | 23035 ||| Stepping ~*~*~tactically~*~*~ (outnumbered).
 23037 | Snake:3  | 23037 ||| Stepping ~*~*~tactically~*~*~ (outnumbered).
 23039 | Snake:3  | 23039 ||| Stepping ~*~*~tactically~*~*~ (outnumbered).
 23041 | Snake:3  | 23041 ||| Stepping ~*~*~tactically~*~*~ (outnumbered).
 23048 | Snake:3  | 23048 ||| Stepping ~*~*~tactically~*~*~ (outnumbered).
 23066 | Snake:3  | Found Atuag's Neck Hole.
 23084 | Snake:3  | 23084 ||| SHOPLISTING amulet of faith (720 gold, have 360).
 23084 | Snake:3  | 23084 ||| SHOPLISTING amulet of regeneration (540 gold,
                  | have 360).
 23084 | Snake:3  | 23084 ||| SHOPLISTING scarf of resistance (576 gold, have
                  | 360).
 23102 | Snake:3  | 23102 ||| Stepping ~*~*~tactically~*~*~ (outnumbered).
 23106 | Snake:3  | 23106 ||| Stepping ~*~*~tactically~*~*~ (outnumbered).
 23108 | Snake:3  | 23108 ||| RETREATING.
 23137 | Snake:3  | Reached skill level 21 in Ranged Weapons
 23221 | Snake:3  | 23221 ||| RETREATING.
 23223 | Snake:3  | 23223 ||| RETREATING.
 23232 | Snake:3  | 23232 ||| RETREATING.
 23237 | Snake:3  | 23237 ||| Stepping ~*~*~tactically~*~*~ (retreating).
 23238 | Snake:3  | 23238 ||| Stepping ~*~*~tactically~*~*~ (retreating).
 23239 | Snake:3  | 23239 ||| Stepping ~*~*~tactically~*~*~ (retreating).
 23247 | Snake:3  | 23247 ||| INVOKING Heroism.
 23251 | Snake:3  | 23251 ||| Stepping ~*~*~tactically~*~*~ (retreating).
 23252 | Snake:3  | 23252 ||| Stepping ~*~*~tactically~*~*~ (retreating).
 23253 | Snake:3  | 23253 ||| Stepping ~*~*~tactically~*~*~ (retreating).
 23254 | Snake:3  | 23254 ||| Stepping ~*~*~tactically~*~*~ (retreating).
 24074 | Snake:3  | 24074 ||| PLANNING SHOALS:1-3
 24074 | Snake:3  | 24074 ||| READING 3 scrolls labelled EBERUMAUJE.
 24123 | Snake:3  | 24123 ||| READING 10 scrolls of identify.
 24123 | Snake:3  | 24123 ||| IDENTIFYING glowing white potion
 24124 | Snake:3  | 24124 ||| DROPPING 2 scrolls of torment.
 24224 | Shoals:1 | Entered Level 1 of the Shoals
 24230 | Shoals:1 | 24230 ||| STAIRDANCE
 24309 | Shoals:1 | 24309 ||| STAIRDANCE
 24315 | Lair:3   | Received a gift from Okawaru
 24360 | Shoals:1 | 24360 ||| STAIRDANCE
 24408 | Shoals:1 | Found Qurru's Antique Weapon Shop.
 25140 | Shoals:2 | 25140 ||| STAIRDANCE
 25231 | Shoals:2 | 25231 ||| STAIRDANCE
 25249 | Shoals:2 | 25249 ||| STAIRDANCE
 25281 | Shoals:2 | 25281 ||| STAIRDANCE
 25300 | Shoals:2 | 25300 ||| STAIRDANCE
 25338 | Shoals:2 | 25338 ||| STAIRDANCE
 25342 | Shoals:1 | 25342 ||| INVOKING Heroism.
 25541 | Shoals:2 | 25541 ||| STAIRDANCE
 25569 | Shoals:2 | Reached skill level 22 in Ranged Weapons
 25578 | Shoals:2 | 25578 ||| STAIRDANCE
 25661 | Shoals:2 | 25661 ||| Stepping ~*~*~tactically~*~*~ (outnumbered).
 25663 | Shoals:2 | 25663 ||| INVOKING Heroism.
 25664 | Shoals:2 | 25664 ||| INVOKING Finesse.
 25676 | Shoals:2 | Noticed Ilsuiw
 25686 | Shoals:2 | HP: 19/116 [merfolk impaler/+0 vampiric demon
                  | trident[Ilsuiw] (14)]
 25687 | Shoals:2 | 25687 ||| READING 5 scrolls of teleportation.
 25688 | Shoals:2 | 25688 ||| DRINKING potion of heal wounds.
 25691 | Shoals:2 | HP: 11/116 [snapping turtle (11)]
 25695 | Shoals:2 | 25695 ||| READING 4 scrolls of teleportation.
 25700 | Shoals:2 | HP: 5/116 [Ilsuiw/+5 trident of freezing (8)]
 25802 | Shoals:2 | 25802 ||| INVOKING Heroism.
 25949 | Shoals:2 | 25949 ||| INVOKING Heroism.
 25950 | Shoals:2 | 25950 ||| INVOKING Finesse.
 25956 | Shoals:2 | Killed Ilsuiw
 26618 | Shoals:3 | 26618 ||| INVOKING Heroism.
 26854 | Shoals:3 | 26854 ||| INVOKING Heroism.
 26895 | Shoals:3 | 26895 ||| FLEEEEING.
 26896 | Shoals:3 | 26896 ||| FLEEEEING.
 26972 | Shoals:3 | 26972 ||| INVOKING Heroism.
 27005 | Shoals:3 | 27005 ||| Stepping ~*~*~tactically~*~*~ (retreating).
 27006 | Shoals:3 | 27006 ||| Stepping ~*~*~tactically~*~*~ (retreating).
 27008 | Shoals:3 | 27008 ||| Stepping ~*~*~tactically~*~*~ (retreating).
 27051 | Shoals:3 | 27051 ||| INVOKING Heroism.
 27107 | Shoals:3 | 27107 ||| INVOKING Heroism.
 27356 | Shoals:3 | 27356 ||| PLANNING SNAKE:4
 27477 | Snake:4  | Entered Level 4 of the Snake Pit
 27478 | Snake:4  | 27478 ||| Stepping ~*~*~tactically~*~*~ (outnumbered).
 27479 | Snake:4  | 27479 ||| Stepping ~*~*~tactically~*~*~ (outnumbered).
 27481 | Snake:4  | 27481 ||| Stepping ~*~*~tactically~*~*~ (outnumbered).
 27497 | Snake:4  | 27497 ||| INVOKING Heroism.
 27548 | Snake:4  | 27548 ||| Stepping ~*~*~tactically~*~*~ (retreating).
 27549 | Snake:4  | 27549 ||| Stepping ~*~*~tactically~*~*~ (retreating).
 27550 | Snake:4  | 27550 ||| RETREATING.
 27552 | Snake:4  | 27552 ||| Stepping ~*~*~tactically~*~*~ (retreating).
 27553 | Snake:4  | 27553 ||| Stepping ~*~*~tactically~*~*~ (retreating).
 27555 | Snake:4  | 27555 ||| Stepping ~*~*~tactically~*~*~ (retreating).
 27556 | Snake:4  | 27556 ||| Stepping ~*~*~tactically~*~*~ (retreating).
 27557 | Snake:4  | 27557 ||| RETREATING.
 27562 | Snake:4  | 27562 ||| Stepping ~*~*~tactically~*~*~ (outnumbered).
 27568 | Snake:4  | 27568 ||| Stepping ~*~*~tactically~*~*~ (retreating).
 27674 | Snake:4  | Reached XP level 18. HP: 91/123 MP: 25/25
 27906 | Snake:4  | Reached skill level 12 in Dodging
 27959 | Snake:4  | 27959 ||| Stepping ~*~*~tactically~*~*~ (outnumbered).
 27962 | Snake:4  | 27962 ||| RETREATING.
 28045 | Snake:4  | Received a gift from Okawaru
 28058 | Snake:4  | 28058 ||| INVOKING Heroism.
 28130 | Snake:4  | Received a gift from Okawaru
 28219 | Snake:4  | 28219 ||| Stepping ~*~*~tactically~*~*~ (outnumbered).
 28221 | Snake:4  | 28221 ||| Stepping ~*~*~tactically~*~*~ (outnumbered).
 28223 | Snake:4  | 28223 ||| Stepping ~*~*~tactically~*~*~ (outnumbered).
 28225 | Snake:4  | 28225 ||| Stepping ~*~*~tactically~*~*~ (outnumbered).
 28227 | Snake:4  | 28227 ||| Stepping ~*~*~tactically~*~*~ (outnumbered).
 28233 | Snake:4  | 28233 ||| Stepping ~*~*~tactically~*~*~ (outnumbered).
 28236 | Snake:4  | 28236 ||| Stepping ~*~*~tactically~*~*~ (retreating).
 28375 | Snake:4  | 28375 ||| INVOKING Heroism.
 28386 | Snake:4  | 28386 ||| Stepping ~*~*~tactically~*~*~ (outnumbered).
 28387 | Snake:4  | 28387 ||| Stepping ~*~*~tactically~*~*~ (outnumbered).
 28399 | Snake:4  | 28399 ||| RETREATING.
 28400 | Snake:4  | 28400 ||| Stepping ~*~*~tactically~*~*~ (outnumbered).
 28408 | Snake:4  | 28408 ||| Stepping ~*~*~tactically~*~*~ (retreating).
 28409 | Snake:4  | 28409 ||| Stepping ~*~*~tactically~*~*~ (retreating).
 28410 | Snake:4  | 28410 ||| Stepping ~*~*~tactically~*~*~ (retreating).
 28411 | Snake:4  | 28411 ||| Stepping ~*~*~tactically~*~*~ (retreating).
 28459 | Snake:4  | 28459 ||| Stepping ~*~*~tactically~*~*~ (outnumbered).
 28461 | Snake:4  | 28461 ||| Stepping ~*~*~tactically~*~*~ (outnumbered).
 28463 | Snake:4  | 28463 ||| Stepping ~*~*~tactically~*~*~ (outnumbered).
 28474 | Snake:4  | 28474 ||| INVOKING Heroism.
 28474 | Snake:4  | Noticed a quicksilver dragon
 28475 | Snake:4  | 28475 ||| RETREATING.
 28479 | Snake:4  | 28479 ||| Stepping ~*~*~tactically~*~*~ (retreating).
 28483 | Snake:4  | 28483 ||| Stepping ~*~*~tactically~*~*~ (retreating).
 28487 | Snake:4  | 28487 ||| Stepping ~*~*~tactically~*~*~ (retreating).
 28488 | Snake:4  | 28488 ||| Stepping ~*~*~tactically~*~*~ (retreating).
 28489 | Snake:4  | 28489 ||| Stepping ~*~*~tactically~*~*~ (retreating).
 28490 | Snake:4  | 28490 ||| Stepping ~*~*~tactically~*~*~ (retreating).
 28490 | Snake:4  | HP: 28/124 [naga sharpshooter/arrow (11)]
 28491 | Snake:4  | 28491 ||| READING 7 scrolls of teleportation.
 28492 | Snake:4  | 28492 ||| Stepping ~*~*~tactically~*~*~ (retreating).
 28493 | Snake:4  | Killed a quicksilver dragon
 28507 | Snake:4  | 28507 ||| READING 6 scrolls of teleportation.
 28508 | Snake:4  | 28508 ||| INVOKING Heroism.
 28512 | Snake:4  | Reached skill level 18 in Fighting
 28783 | Snake:4  | 28783 ||| INVOKING Heroism.
 28793 | Snake:4  | 28793 ||| Stepping ~*~*~tactically~*~*~ (retreating).
 28796 | Snake:4  | 28796 ||| Stepping ~*~*~tactically~*~*~ (retreating).
 28809 | Snake:4  | 28809 ||| INVOKING Heroism.
 28903 | Snake:4  | 28903 ||| INVOKING Heroism.
 28924 | Snake:4  | 28924 ||| INVOKING Heroism.
 28927 | Snake:4  | Reached skill level 9 in Armour
 29033 | Snake:4  | 29033 ||| INVOKING Heroism.
 29078 | Snake:4  | Got a serpentine rune of Zot
 29180 | Snake:4  | Found Soif's Antique Weapon Emporium.
 29188 | Snake:4  | 29188 ||| BUYING runed hand cannon (221 gold).
 29188 | Snake:4  | Bought a runed hand cannon for 221 gold pieces
 29188 | Snake:4  | 29188 ||| DROPPING +2 heavy hand cannon.
 29210 | Snake:4  | 29210 ||| PLANNING VAULTS:1-4
 29210 | Snake:4  | 29210 ||| UPGRADING to quicksilver dragon scales.
 29220 | Snake:4  | 29220 ||| DROPPING +3 leather armour of Weightlessness
                  | {-Tele rN+ Will+}.
 29221 | Snake:4  | 29221 ||| DROPPING +0 troll leather armour.
 29470 | Vaults:1 | Entered Level 1 of the Vaults
 29471 | Vaults:1 | 29471 ||| PLANNING BAZAAR
 29552 | Vaults:1 | 29552 ||| RETREATING.
 29595 | Vaults:1 | Found a flickering gateway to a bazaar.
 29604 | Bazaar   | Entered a bazaar
 29616 | Bazaar   | Found Soclap's Magic Scroll Shop.
 29624 | Bazaar   | 29624 ||| BUYING scroll of enchant weapon (75 gold).
 29624 | Bazaar   | Bought a scroll of enchant weapon for 75 gold pieces
 29624 | Bazaar   | 29624 ||| BUYING scroll of teleportation (30 gold).
 29624 | Bazaar   | Bought a scroll of teleportation for 30 gold pieces
 29624 | Bazaar   | 29624 ||| BUYING scroll of teleportation (30 gold).
 29624 | Bazaar   | Bought a scroll of teleportation for 30 gold pieces
 29624 | Bazaar   | 29624 ||| READING scroll of enchant weapon.
 29624 | Bazaar   | 29624 ||| ENCHANTING +3 hand cannon of electrocution.
 29637 | Bazaar   | Found Zeesaty's Assorted Antiques.
 29644 | Bazaar   | 29644 ||| BUYING potion of curing (69 gold).
 29644 | Bazaar   | Bought a potion of curing for 69 gold pieces
 29644 | Bazaar   | 29644 ||| BUYING ruby potion (20 gold).
 29644 | Bazaar   | Bought a ruby potion for 20 gold pieces
 29646 | Bazaar   | Found Duolet Ifik's Antique Weapon Shop.
 29660 | Bazaar   | Found Ibejestu's Antique Weapon Shoppe.
 29675 | Bazaar   | Found Emass's Distillery.
 29683 | Bazaar   | 29683 ||| BUYING 2 potions of haste (240 gold).
 29683 | Bazaar   | Bought 2 potions of haste for 240 gold pieces
 29731 | Bazaar   | 29731 ||| READING 11 scrolls of identify.
 29731 | Bazaar   | 29731 ||| IDENTIFYING ruby potion
 29736 | Vaults:1 | 29736 ||| PLANNING VAULTS:1-4
 29805 | Vaults:1 | 29805 ||| RETREATING.
 29809 | Vaults:1 | 29809 ||| Stepping ~*~*~tactically~*~*~ (retreating).
 29810 | Vaults:1 | 29810 ||| Stepping ~*~*~tactically~*~*~ (retreating).
 29825 | Vaults:1 | 29825 ||| INVOKING Heroism.
 30013 | Vaults:1 | 30013 ||| RETREATING.
 30026 | Vaults:1 | 30026 ||| Stepping ~*~*~tactically~*~*~ (retreating).
 30030 | Vaults:1 | 30030 ||| Stepping ~*~*~tactically~*~*~ (retreating).
 30031 | Vaults:1 | 30031 ||| Stepping ~*~*~tactically~*~*~ (retreating).
 30032 | Vaults:1 | 30032 ||| Stepping ~*~*~tactically~*~*~ (retreating).
 30033 | Vaults:1 | 30033 ||| Stepping ~*~*~tactically~*~*~ (retreating).
 30042 | Vaults:1 | 30042 ||| INVOKING Heroism.
 30047 | Vaults:1 | 30047 ||| Stepping ~*~*~tactically~*~*~ (retreating).
 30048 | Vaults:1 | 30048 ||| Stepping ~*~*~tactically~*~*~ (retreating).
 30054 | Vaults:1 | 30054 ||| Stepping ~*~*~tactically~*~*~ (retreating).
 30057 | Vaults:1 | 30057 ||| Stepping ~*~*~tactically~*~*~ (retreating).
 30058 | Vaults:1 | 30058 ||| Stepping ~*~*~tactically~*~*~ (retreating).
 30059 | Vaults:1 | 30059 ||| Stepping ~*~*~tactically~*~*~ (retreating).
 30060 | Vaults:1 | 30060 ||| Stepping ~*~*~tactically~*~*~ (retreating).
 30061 | Vaults:1 | 30061 ||| Stepping ~*~*~tactically~*~*~ (retreating).
 30062 | Vaults:1 | 30062 ||| Stepping ~*~*~tactically~*~*~ (retreating).
 30063 | Vaults:1 | 30063 ||| Stepping ~*~*~tactically~*~*~ (retreating).
 30066 | Vaults:1 | HP: 28/125 [harpy (8)]
 30067 | Vaults:1 | 30067 ||| READING 7 scrolls of teleportation.
 30139 | Vaults:1 | 30139 ||| INVOKING Heroism.
 30157 | Vaults:1 | HP: 29/125 [deep troll[an ironbound preserver] (8)]
 30158 | Vaults:1 | 30158 ||| READING 6 scrolls of teleportation.
 30158 | Vaults:1 | HP: 12/125 [deep troll[an ironbound preserver] (17)]
 30171 | Vaults:1 | 30171 ||| READING 5 scrolls of teleportation.
 30184 | Vaults:1 | 30184 ||| READING 4 scrolls of teleportation.
 30185 | Vaults:1 | 30185 ||| Stepping ~*~*~tactically~*~*~ (retreating).
 30196 | Vaults:1 | 30196 ||| INVOKING Heroism.
 30197 | Vaults:1 | 30197 ||| RETREATING.
 30198 | Vaults:1 | 30198 ||| READING 3 scrolls of teleportation.
 30198 | Vaults:1 | HP: 25/125 [harpy (1)]
 30204 | Vaults:1 | 30204 ||| READING 2 scrolls of teleportation.
 30207 | Vaults:1 | 30207 ||| READING scroll of teleportation.
 30248 | Vaults:1 | 30248 ||| INVOKING Heroism.
 30262 | Vaults:1 | HP: 22/125 [deep troll[an ironbound preserver] (12)]
 30264 | Vaults:1 | HP: 10/125 [deep troll[an ironbound preserver] (13)]
 30266 | Vaults:1 | Mangled by a deep troll

Levels and vault maps discovered:
D:1:      mushboom_english_gardens, layout_basic, serial_shops, shop, shop,
          shop, nicolae_shop_gaudy_bauble, nicolae_shop_hallway_stairs
D:2:      layout_basic, nicolae_twisty_statue_hallways
D:3:      layout_loops_ring, amethyst_overflow_temple_binary,
          due_unseen_surprise
D:4:      layout_gridville
D:5:      layout_cave_pools, temple_fountains, uniq_grinder
D:6:      layout_loops_cross, serial_shops, nicolae_shop_pleasant_corner_grove,
          serial_park_tiny_2, nicolae_lava_and_water
D:7:      layout_basic, nicolae_wu_jian_glorious_leap
D:8:      layout_basic, serial_co_window_serial, co_window_of_opportunity_a,
          co_window_corner_a, co_window_paths_a, co_window_paths_a,
          co_window_of_opportunity_a, co_window_paths_c, co_window_broadway_a,
          co_window_broadway_a, co_window_corner_ca, co_window_of_opportunity_c,
          co_window_unsneaky_path_b, co_window_broadway_a, glass_columns_b,
          uniq_prince_ribbit1, uniq_jeremiah
D:9:      layout_loops_corners, mainiacjoe_overflow_small_starburst,
          kennysheep_generic_room_4
D:10:     gammafunk_corrupted_shrine, layout_irregular_city,
          general_overflow_altar, hiddenorc2_lemuel, dreamdust_wishing_well,
          minmay_between
D:11:     layout_rooms, uniq_snorg
D:12:     layout_loops_ring, serial_ice, serial_ice_m, serial_ice_k,
          serial_ice_b, serial_ice_h, serial_ice_a, serial_ice_o, serial_ice_f,
          serial_ice_d, portal_ice_cave_entry_imps, uniq_rupert
D:13:     layout_rooms, erik_vaults_2, serial_shops, shop
D:14:     layout_stronghold, serial_column_ruins, column_ruins_grid_1,
          column_ruins_columns_corner, column_ruins_grid_1, column_ruins_grid_1,
          column_ruins_columns_straight, column_ruins_open_tiny,
          xom_teletrap_fun, okawaru_trees_1
D:15:     grunt_enter_depths_giant_problem, layout_grid_maze,
          kennysheep_doodads, chequers_decorated_corner, slow_altar_1,
          uniq_jorgrun
Temple:   minmay_temple_bridge_d
Lair:1:   layout_small_grid, lemuel_old_faithful
Lair:2:   layout_gridlike, minivault_24, grunt_megastairs_4
Lair:3:   layout_cave_pods, minmay_shoals_entry_centaurs,
          guppyfry_snake_entry_garden, cheibrodos_lair_lostbears
Lair:4:   layout_concentric_octagons, minmay_slime_entry_jelly_boxes,
          serial_bayou_shore_a, lemuel_fruit_tree
Lair:5:   minmay_lair_end_frog_pond, layout_cave_pods, guppyfry_lair_drakes,
          uniq_urug
Shoals:1: layout_shoals, serial_shops, nicolae_shop_dealshenge
Shoals:2: layout_shoals, uniq_ilsuiw
Shoals:3: layout_shoals
Snake:1:  layout_onion_interference, serial_shops, nicolae_lakefront_shop,
          uniq_louise
Snake:2:  layout_rooms, uniq_mlioglotl, uniq_nikola, uniq_aizul, uniq_vashnia
Snake:3:  layout_chambers, drop_trap, nicolae_shop_sticking_my_neck_out
Snake:4:  hellmonk_snake_rune_quicksilver_temple, layout_gridlike, serial_shops,
          nicolae_shop_advertising_works [nicolae_subvault_shop_adworks],
          nicolae_snake_the_dead_are_slithering
Orc:1:    layout_caves, minmay_orc_barracks
Orc:2:    grunt_orc_gardens, layout_caves, grunt_orc_garden, grunt_orc_garden,
          grunt_orc_garden, grunt_orc_garden, serial_shops, shop,
          ebering_ghost_gozag, mines1_david
Vaults:1: hangedman_vaults_pinch, nicolae_vaults_network_square, v_misc_27,
          ontoclasm_vaults_eye, nicolae_vaults_house_2, v_alt_pattern_6,
          nicolae_vaults_cochlea, nicolae_vaults_angled_halls,
          layout_vaults_quadrants, serial_shops, bzr_entry_customers

Skill      XL: |  1  2  3  4  5  6  7  8  9 10 11 12 13 14 15 16 17 18 |
---------------+-------------------------------------------------------+-----
Ranged Weapons | 5 6 7 8 9 11 13 14 15 17 19 20 22 | 22.0
Fighting       | 3 4 5 7 8 9 10 11 13 14 16 17 18 | 18.2
Armour         | 1 3 6 7 8 11 | 11.3
Dodging        | 2 3 4 6 7 9 11 12 | 12.0
Invocations    | 4 7 10 | 10.0
Stealth        | |  1.1

Action                     |  1- 3 |  4- 6 |  7- 9 | 10-12 | 13-15 | 16-18 || total
---------------------------+-------+-------+-------+-------+-------+-------++-------
   Fire: Shortbow          |   110 |    42 |       |       |       |       ||   152
         Arbalest          |       |    78 |   213 |   589 |   461 |       ||  1341
         Longbow           |       |       |       |       |  1161 |   305 ||  1466
         Hand cannon       |       |       |       |       |       |   977 ||   977
 Invoke: Heroism           |       |       |     9 |    21 |    29 |    36 ||    95
         Finesse           |       |       |       |     1 |     6 |     8 ||    15
    Use: Scroll            |     3 |    11 |     3 |    11 |    10 |    17 ||    55
         Potion            |       |     1 |     2 |     1 |     3 |     1 ||     8
 Armour: Leather armour    |    28 |    32 |    43 |       |   242 |   291 ||   636
         Ring mail         |       |       |    66 |   251 |    51 |       ||   368
         Troll leather arm |       |       |       |       |   102 |       ||   102
         Quicksilver drago |       |       |       |       |       |   171 ||   171
  Dodge: Dodged            |    26 |    37 |   130 |   441 |   770 |  1594 ||  2998
         Repelled          |       |       |       |       |     2 |    29 ||    31

Table legend:
 A = Non-vault XP
 B = Vault XP
 C = Vault XP percentage of total XP
 D = Non-vault monster count
 E = Vault monster count
 F = Vault count percentage of total count
                 A         B        C        D         E       F
            +---------+---------+-------+---------+---------+-------
      Total |  211704 |   86346 |  29.0 |     752 |     248 |  24.8
            +---------+---------+-------+---------+---------+-------
        D:1 |      25 |       0 |   0.0 |      14 |       0 |   0.0
        D:2 |      66 |       0 |   0.0 |      20 |       0 |   0.0
        D:3 |      57 |       0 |   0.0 |      18 |       0 |   0.0
        D:4 |     308 |       0 |   0.0 |      22 |       0 |   0.0
        D:5 |     567 |     272 |  32.4 |      20 |       1 |   4.8
        D:6 |     566 |       0 |   0.0 |      11 |       0 |   0.0
        D:7 |    1745 |       0 |   0.0 |      28 |       0 |   0.0
        D:8 |    2114 |     689 |  24.6 |      28 |       2 |   6.7
        D:9 |    2164 |     830 |  27.7 |      13 |       1 |   7.1
       D:10 |    3003 |    1729 |  36.5 |      15 |      36 |  70.6
       D:11 |    4894 |     947 |  16.2 |      17 |       1 |   5.6
       D:12 |    7808 |    6050 |  43.7 |      28 |      34 |  54.8
       D:13 |    5714 |    6756 |  54.2 |      14 |       8 |  36.4
       D:14 |   10791 |       0 |   0.0 |      31 |       0 |   0.0
       D:15 |    7756 |    3226 |  29.4 |      15 |       3 |  16.7
     Lair:1 |    6331 |       0 |   0.0 |      24 |       0 |   0.0
     Lair:2 |    2969 |     892 |  23.1 |      18 |       4 |  18.2
     Lair:3 |    8804 |     965 |   9.9 |      38 |       5 |  11.6
     Lair:4 |    9289 |     510 |   5.2 |      35 |      14 |  28.6
     Lair:5 |   14288 |    9948 |  41.0 |      35 |      37 |  51.4
   Shoals:1 |   14688 |       0 |   0.0 |      31 |       0 |   0.0
   Shoals:2 |    8463 |    3241 |  27.7 |      17 |       5 |  22.7
   Shoals:3 |    8675 |       0 |   0.0 |      22 |       0 |   0.0
    Snake:1 |   17560 |    1143 |   6.1 |      32 |       1 |   3.0
    Snake:2 |   11889 |   11097 |  48.3 |      20 |       7 |  25.9
    Snake:3 |   22240 |       0 |   0.0 |      52 |       0 |   0.0
    Snake:4 |   17058 |   20622 |  54.7 |      40 |      36 |  47.4
      Orc:1 |    2793 |    1686 |  37.6 |      38 |      17 |  30.9
      Orc:2 |    3299 |    9690 |  74.6 |      35 |      25 |  41.7
   Vaults:1 |   15780 |    6053 |  27.7 |      21 |      11 |  34.4
            +---------+---------+-------+---------+---------+-------
